Drae, chaotic female elven Wizard ------------ |..........| ------------ ----- --------- ##...........| |..........| |...|############|...@...| # |..........| |...........########|<..| #.....o..| ### |..........| |.......>..| #.....######%#####|.......|#######...........| |..........-########|...| ##-........#######|..........| |..........| #----- ##---------## %------------ ----.------- ############################ ###### ######## # # # ### ### ---------.------ # # |..............| # ## |..............| # # -------- |..............| # ###|......(| |...............########## --------------# #%.......| --------------.- # |......`.....|# |.......| # ##.............-# -------- -------------- Drae the Conjurer Experience level: 5 Strength: 11 Dexterity: 16 Constitution: 15 Intelligence: 14 Wisdom: 8 Charisma: 11 Health: 0(46) Energy: 44(52) Def: 1 Gold: 914 Moves: 1818 Dungeon seed: RfXH20B0Gl-OckXU Game ID: Drae_1464010631 Your Inventory: Coins $ - 914 gold pieces Weapons a - a blessed +0 quarterstaff (weapon in hands) G - 9 cursed -1 shuriken (in quiver) Armor e - an uncursed +0 cloak of magic resistance (being worn) Comestibles O - an uncursed food ration Scrolls j - an uncursed scroll of create monster k - an uncursed scroll of identify y - 2 cursed scrolls of create monster A - a cursed scroll of identify L - an uncursed scroll of confuse monster M - a cursed scroll of blank paper N - 2 uncursed scrolls of blank paper Spellbooks l - a blessed spellbook of force bolt m - an uncursed spellbook of identify H - a cursed spellbook of force bolt I - a cursed spellbook of detect food Potions f - an uncursed potion of invisibility g - an uncursed potion of gain energy h - an uncursed potion of sickness p - a cursed potion of blindness w - 2 potions of unholy water B - a cursed potion of sickness C - a cursed potion of paralysis K - an uncursed potion of oil Rings c - an uncursed +2 ring of increase damage (on left hand) d - an uncursed ring of sustain ability D - a cursed ring of teleportation E - a cursed ring of regeneration Wands b - a wand of cold (0:6) F - a cursed wand of create monster (0:14) Tools n - an uncursed leather drum o - an uncursed oil lamp (0:1153) J - a cursed stethoscope Spells and supernatural/magical abilities: Name Level Category Fail Memory a - force bolt 1 attack 0% 91% I - identify 3 divination 100% 91% W - pray for help -- divine ? -- Your skills at the end: Fighting Skills Weapon Skills quarterstaff [Basic] Spellcasting Skills attack spells [Basic] enchantment spells [Basic] Final Attributes: You were piously aligned. You were sleep resistant. You were magic-protected. You had infravision. You had a +2 damage bonus. You are dead. Vanquished creatures: a bugbear a ghoul a paper golem a floating eye a kobold lord 2 hill orcs a centipede an orc zombie an iguana 2 acid blobs a brown mold a gnome a gecko 2 jackals 2 foxes 2 kobolds 3 goblins a sewer rat 10 grid bugs 2 lichens a kobold zombie 4 newts 42 creatures vanquished. Voluntary challenges: You followed a strict vegan diet. You used a wielded weapon 58 times, starting on turn 47. You read items or engraved 8 times, starting on turn 693. You never genocided any monsters. You never polymorphed an object. You never changed form. You used no wishes. You never split a pudding. You never wrote Elbereth's name. You never violated your personal moral code. Dungeon overview: The Dungeons of Doom: levels 1 to 6 Level 1 a long staircase Level 2 a fountain Level 3 Level 4 an altar to Thoth Level 5 <- You were here a throne Level 6 History has recorded: On T:1 you entered the Dungeons of Doom to retrieve the Amulet of Yendor! On T:136 you reached level 2 of The Dungeons of Doom. On T:148 you reached level 3 of The Dungeons of Doom. On T:527 you advanced to experience level 2. On T:618 you reached level 4 of The Dungeons of Doom. On T:631 you advanced to experience level 3. On T:1019 you reached level 5 of The Dungeons of Doom. On T:1337 you advanced to experience level 4. On T:1564 you reached level 6 of The Dungeons of Doom. On T:1790 you advanced to experience level 5. Score breakdown: Gold: 914 (10073 points) Experience: 5 levels (11141 points) Exploration: 6 levels ( 12.00%) ( 9583 points) Discoveries: 1 item ( 0.36%) ( 1805 points) Valuables value: (no points given unless you survive) Artifact value: 0 ( 0 points) Variety of kills: 22 monsters ( 5.77%) ( 7208 points) Turncount: 1818 turns ( 0 points) Survival: died (score multiplied by 80%) Total score: 31848 Latest messages: You have a little trouble lifting F - a brass wand. You have a little trouble lifting $ - 433 gold pieces. There is a doorway here. There are several more objects here. Your movements are slowed slightly because of your load. The hill orc hits! You die... Final status: Goodbye Drae the Wizard, killed by a hill orc... You died in The Dungeons of Doom on dungeon level 5 with 31848 points, and 914 pieces of gold, after 1818 moves. You were level 5 with a maximum of 46 hit points when you died.